Map: Romanticide LE

Players

Harstem

  • Race: Protoss Protoss

MaNa - Winner!

  • Race: Protoss Protoss

Event: DreamHack SC2 Masters 2021 Winter

VOD

Have the link to the VOD?

Description

Time

  • Played on: Sept. 29, 2021, 10:42 a.m.
  • Length: 8:42

All games in this series

Show
View Real Time Build Order
Export as new Build Order

Harstem Protoss 

Build Orders: Phoenix Opening, Blink Stalkers 

Get SALT Encoding   

  12  0:00  Probe  
  13  0:12  Probe  
  14  0:17  Pylon  
  14  0:24  Probe (Chrono Boost)  
  15  0:36  Probe (Chrono Boost)  
  15  0:37  Gateway  
  16  0:45  Probe (Chrono Boost)  
  16  0:47  Assimilator  
  17  0:51  Probe  
  17  0:55  Assimilator  
  18  1:03  Probe (Chrono Boost)  
  19  1:07  Gateway  
  19  1:13  Probe (Chrono Boost)  
  19  1:18  Probe (Chrono Boost)  
  20  1:24  Cybernetics Core  
  21  1:29  Probe  
  22  1:36  Pylon  
  22  1:42  Probe  
  24  1:54  Probe  
  24  2:00  Stalker x2  
  28  2:01  Warp Gate  
  28  2:11  Pylon  
  28  2:14  Probe  
  29  2:27  Pylon  
  29  2:31  Sentry  
  31  2:39  Sentry  
  33  2:45  Nexus  
  33  2:51  Pylon  
  33  2:54  Probe  
  33  3:04  Phoenix  
  33  3:05  Twilight Council  
  33  3:07  Probe (Chrono Boost)  
  34  3:13  Pylon  
  34  3:18  Probe (Chrono Boost)  
  35  3:23  Probe (Chrono Boost)  
  36  3:33  Probe (Chrono Boost)  
  37  3:39  Phoenix  
  37  3:43  Blink (Chrono Boost)  
  37  3:44  Probe (Chrono Boost)  
  38  3:49  Probe (Chrono Boost)  
  39  3:59  Probe (Chrono Boost)  
  41  4:03  Nexus  
  41  4:04  Probe (Chrono Boost)  
  42  4:10  Probe (Chrono Boost)  
  42  4:12  Stalker  
  42  4:14  Probe (Chrono Boost)  
  42  4:15  Probe (Chrono Boost)  
  46  4:24  Forge, Probe  
  47  4:25  Probe  
  47  4:30  Stalker  
  50  4:36  Probe  
  50  4:37  Probe  
  52  4:39  Pylon  
  52  4:44  Phoenix, Stalker  
  54  4:48  Probe  
  54  4:50  Robotics Facility  
  56  4:52  Assimilator  
  56  4:57  Protoss Ground Weapons Level 1 (Chrono Boost), Stalker  
  58  5:00  Probe  
  58  5:01  Probe  
  58  5:04  Pylon  
  59  5:11  Stalker  
  61  5:16  Probe  
  61  5:17  Probe  
  61  5:20  Gateway  
  63  5:22  Stalker  
  66  5:28  Shield Battery, Probe  
  66  5:29  Probe  
  66  5:30  Probe  
  66  5:34  Shield Battery  
  68  5:37  Stalker  
  68  5:39  Charge (Chrono Boost)  
  68  5:40  Probe  
  68  5:42  Probe  
  72  5:46  Stalker  
  72  5:47  Probe  
  75  5:53  Probe  
  75  5:54  Probe  
  77  5:57  Observer (Chrono Boost)  
  77  5:59  Pylon, Probe  
  77  6:01  Gateway, Stalker  
  81  6:05  Probe  
  81  6:10  Stalker  
  84  6:12  Shield Battery  
  84  6:13  Pylon  
  82  6:21  Probe  
  82  6:24  Stalker  
  82  6:25  Stalker  
  74  6:28  Probe (Chrono Boost)  
  74  6:29  Probe (Chrono Boost)  
  74  6:33  Probe (Chrono Boost), Stalker  
  74  6:41  Probe (Chrono Boost)  
  74  6:45  Probe (Chrono Boost)  
  74  6:46  Probe (Chrono Boost)  
  75  6:50  Probe (Chrono Boost)  
  75  6:53  Probe (Chrono Boost)  
  78  6:56  Gateway  
  78  6:57  Assimilator  
  78  6:58  Gateway, Probe x2 (Chrono Boost)  
  78  7:01  Assimilator, Probe (Chrono Boost)  
  80  7:02  Robotics Bay  
  80  7:03  Robotics Facility  
  80  7:05  Probe (Chrono Boost)  
  80  7:07  Probe x2 (Chrono Boost)  
  80  7:08  Assimilator  
  83  7:11  Probe  
  84  7:16  Probe  
  84  7:17  Probe  
  84  7:18  Zealot x2, Warp Prism (Chrono Boost)  
  92  7:24  Pylon  
  92  7:25  Probe  
  93  7:33  Zealot x2  
  93  7:36  Probe  
  98  7:37  Pylon  
  98  7:44  Gateway  
  98  7:45  Gateway  
  98  7:48  Disruptor (Chrono Boost)  
  98  7:50  Zealot, Sentry  
  102  7:57  Zealot x2  
  112  7:59  Disruptor (Chrono Boost)  
  112  8:00  Pylon  
  112  8:03  Zealot x2  
  112  8:16  Zealot x2  
  100  8:20  Zealot x2  
  91  8:30  Zealot x2  
Show
View Real Time Build Order
Export as new Build Order

MaNa Protoss - Winner!

Build Orders: Phoenix Opening 

Get SALT Encoding   

  12  0:00  Probe  
  13  0:12  Probe  
  14  0:17  Pylon  
  14  0:24  Probe (Chrono Boost)  
  15  0:36  Gateway, Probe (Chrono Boost)  
  16  0:44  Probe (Chrono Boost)  
  16  0:46  Assimilator  
  17  0:51  Probe  
  18  1:03  Probe (Chrono Boost)  
  19  1:04  Assimilator  
  19  1:09  Gateway  
  19  1:13  Probe (Chrono Boost)  
  19  1:18  Probe (Chrono Boost)  
  21  1:27  Cybernetics Core  
  21  1:29  Probe  
  22  1:35  Pylon  
  22  1:41  Probe  
  23  1:53  Probe  
  24  2:03  Warp Gate, Sentry, Stalker  
  24  2:06  Pylon  
  28  2:08  Probe  
  29  2:21  Probe  
  30  2:29  Pylon  
  30  2:32  Stalker  
  30  2:33  Probe  
  33  2:41  Phoenix  
  33  2:53  Probe  
  34  2:58  Robotics Facility  
  34  3:04  Shield Battery  
  34  3:05  Probe  
  35  3:12  Nexus  
  35  3:19  Probe (Chrono Boost)  
  36  3:26  Forge  
  36  3:31  Probe (Chrono Boost)  
  36  3:34  Pylon  
  37  3:40  Probe (Chrono Boost)  
  38  3:46  Observer (Chrono Boost)  
  39  3:52  Probe  
  40  3:58  Sentry  
  40  3:59  Protoss Ground Weapons Level 1 (Chrono Boost)  
  42  4:04  Probe  
  42  4:06  Immortal  
  47  4:20  Pylon  
  47  4:24  Probe  
  47  4:25  Probe  
  47  4:27  Pylon  
  49  4:34  Adept x2  
  49  4:37  Probe  
  54  4:38  Probe  
  55  4:46  Immortal (Chrono Boost)  
  59  4:53  Probe x2  
  59  4:57  Pylon  
  61  5:06  Stalker x2  
  65  5:08  Probe x2  
  65  5:13  Observer  
  67  5:15  Warp Prism (Chrono Boost)  
  69  5:22  Twilight Council  
  69  5:26  Observer  
  69  5:29  Adept x2  
  69  5:31  Probe x2  
  75  5:40  Pylon  
  75  5:45  Probe x2  
  77  5:50  Nexus  
  77  5:55  Blink (Chrono Boost)  
  77  6:00  Probe x2  
  77  6:01  Protoss Ground Weapons Level 2 (Chrono Boost)  
  79  6:11  Stalker x2  
  83  6:30  Probe  
  83  6:32  Probe  
  85  6:42  Gateway, Immortal (Chrono Boost), Probe  
  85  6:44  Gateway  
  85  6:45  Gateway  
  87  6:48  Gateway  
  87  6:50  Gateway  
  87  6:53  Assimilator  
  85  6:54  Probe  
  85  6:55  Assimilator  
  85  6:56  Probe  
  87  7:01  Stalker x2  
  87  7:03  Probe  
  87  7:06  Probe  
  87  7:07  Pylon  
  93  7:11  Probe  
  93  7:14  Photon Cannon  
  94  7:17  Photon Cannon  
  94  7:20  Probe x2  
  96  7:27  Sentry  
  96  7:28  Sentry  
  96  7:29  Probe  
  101  7:32  Probe x2  
  103  7:37  Pylon  
  103  7:38  Pylon  
  103  7:40  Pylon  
  104  7:44  Observer  
  104  7:49  Stalker x3  
  104  7:50  Zealot, Stalker  
  114  7:51  Zealot  
  114  7:54  Pylon  
  116  8:14  Nexus  
  116  8:18  Zealot x5  
  116  8:19  Zealot x2  
  122  8:24  Probe  

Tags
 
Add a new tag
Caveats
  • Supply blocks, unpowered buildings, or Contaminate may cause inaccurate times.
  • Supply counts are checked every 10 seconds.